Map: [ESL] Oceanborn

Players

goblin

  • Race: Protoss Protoss
  • Spawn Location: 5:00

Reynor - Winner!

  • Race: Zerg Zerg
  • Spawn Location: 11:00

Event: ESL SC2 Masters 2024 Spring (Regional)

VOD

Have the link to the VOD?

Description

Time

  • Played on: May 2, 2024, 11:31 a.m.
  • Length: 13:34

All games in this series

Show
View Real Time Build Order
Export as new Build Order

goblin Protoss 

Build Orders: 1 Gate Expand, Oracle Opening, Archon Immortal 

Get SALT Encoding   

  12  0:00  Probe  
  13  0:12  Probe  
  14  0:21  Pylon  
  14  0:24  Probe  
  15  0:39  Probe (Chrono Boost)  
  15  0:40  Gateway  
  16  0:48  Assimilator, Probe (Chrono Boost)  
  17  0:53  Probe  
  18  1:05  Probe  
  19  1:17  Probe  
  20  1:26  Nexus  
  20  1:37  Cybernetics Core  
  20  1:39  Probe  
  21  1:45  Assimilator  
  21  1:51  Probe  
  22  1:55  Pylon  
  22  2:04  Probe  
  23  2:11  Adept (Chrono Boost)  
  25  2:16  Probe  
  25  2:19  Stargate  
  26  2:25  Warp Gate  
  26  2:28  Probe  
  27  2:31  Adept (Chrono Boost)  
  29  2:38  Probe  
  29  2:40  Probe  
  31  2:50  Probe  
  32  2:52  Probe  
  32  2:54  Stalker  
  35  3:02  Probe  
  36  3:07  Oracle (Chrono Boost)  
  36  3:12  Probe  
  38  3:16  Pylon, Probe  
  39  3:24  Probe  
  38  3:28  Probe  
  39  3:34  Oracle (Chrono Boost)  
  39  3:36  Probe  
  39  3:39  Gateway  
  39  3:40  Probe  
  44  3:43  Gateway  
  44  3:48  Probe  
  47  3:53  Probe  
  46  3:56  Pylon  
  46  4:00  Probe  
  47  4:05  Oracle (Chrono Boost), Probe  
  51  4:14  Pylon  
  51  4:15  Probe  
  51  4:16  Nexus  
  52  4:20  Probe  
  52  4:22  Assimilator  
  53  4:24  Assimilator  
  53  4:31  Probe  
  53  4:32  Probe  
  53  4:38  Adept x3  
  59  4:43  Twilight Council  
  61  4:47  Forge  
  61  4:48  Probe x2  
  63  4:58  Pylon  
  63  5:00  Stalker, Probe  
  63  5:01  Probe  
  63  5:04  Gateway  
  67  5:10  Protoss Ground Weapons Level 1  
  67  5:12  Probe  
  67  5:13  Probe  
  69  5:18  Blink (Chrono Boost)  
  69  5:28  Probe x2 (Chrono Boost)  
  72  5:29  Robotics Facility, Probe (Chrono Boost)  
  72  5:31  Shield Battery  
  72  5:37  Probe (Chrono Boost)  
  72  5:39  Probe (Chrono Boost)  
  72  5:40  Probe (Chrono Boost)  
  75  5:44  Stalker x2  
  75  5:46  Probe (Chrono Boost)  
  75  5:48  Probe (Chrono Boost)  
  75  5:49  Assimilator, Probe (Chrono Boost)  
  82  5:51  Stalker  
  85  5:57  Probe (Chrono Boost)  
  85  5:58  Probe (Chrono Boost)  
  85  5:59  Probe (Chrono Boost)  
  85  6:01  Stalker  
  85  6:03  Templar Archives  
  89  6:05  Pylon  
  89  6:06  Probe  
  89  6:07  Assimilator  
  90  6:14  Probe  
  91  6:21  Pylon  
  91  6:23  Immortal (Chrono Boost)  
  91  6:25  Pylon  
  95  6:26  Probe x2  
  97  6:33  Probe  
  97  6:35  Stalker  
  100  6:40  Pylon  
  100  6:41  Psionic Storm  
  100  6:42  Pylon  
  100  6:43  Gateway  
  100  6:44  Gateway  
  100  6:52  Immortal (Chrono Boost), Photon Cannon  
  104  6:56  High Templar  
  104  6:57  High Templar  
  108  7:13  Probe, Nexus  
  108  7:14  Probe  
  108  7:15  Pylon  
  112  7:18  Protoss Ground Weapons Level 2 (Chrono Boost)  
  112  7:20  High Templar x2  
  114  7:24  Immortal (Chrono Boost)  
  114  7:27  Photon Cannon  
  114  7:28  Photon Cannon  
  118  7:30  Photon Cannon  
  118  7:39  Photon Cannon  
  118  7:41  Charge, Shield Battery  
  118  7:45  Pylon  
  118  7:48  Photon Cannon  
  118  7:49  Pylon, High Templar  
  120  7:59  Probe x2  
  120  8:00  Immortal (Chrono Boost)  
  120  8:02  Sentry  
  120  8:04  Pylon  
  125  8:05  Pylon  
  125  8:09  Pylon, Robotics Facility  
  125  8:23  Nexus  
  125  8:24  Pylon  
  125  8:27  Pylon  
  125  8:29  Stalker  
  125  8:30  Stalker x3  
  125  8:32  Zealot x2  
  134  8:39  Immortal (Chrono Boost)  
  138  8:48  Pylon  
  138  8:50  Nexus  
  138  8:55  Immortal (Chrono Boost)  
  142  9:05  Probe  
  142  9:06  Probe x2  
  145  9:11  Immortal (Chrono Boost)  
  145  9:13  Photon Cannon  
  145  9:14  Photon Cannon  
  145  9:15  Shield Battery  
  145  9:16  Pylon  
  149  9:18  Probe  
  149  9:22  High Templar x4, Observer  
  158  9:26  Gateway  
  158  9:27  Archon, Gateway  
  158  9:28  Archon  
  159  9:43  Warp Prism  
  159  9:47  Zealot x2  
  163  9:56  Zealot x2  
  167  10:02  Nexus  
  167  10:05  Immortal (Chrono Boost)  
  157  10:12  Zealot x4  
  156  10:18  Nexus  
  156  10:19  Immortal (Chrono Boost)  
  160  10:30  High Templar  
  160  10:31  High Templar x2  
  160  10:32  High Templar  
  168  10:35  Immortal (Chrono Boost)  
  168  10:40  Archon x2  
  168  10:50  Zealot x2  
  168  10:56  Zealot x2  
  141  11:07  Zealot  
  141  11:08  Zealot x3  
  131  11:15  Immortal (Chrono Boost)  
  131  11:17  Nexus  
  127  11:20  Immortal (Chrono Boost)  
  127  11:25  High Templar x4  
  133  11:31  Archon x2, Photon Cannon, Shield Battery  
  139  11:34  Pylon  
  139  11:37  Pylon  
  139  11:44  Immortal (Chrono Boost)  
  143  11:50  Immortal (Chrono Boost)  
  143  11:52  Zealot  
  143  11:53  Zealot x3  
  135  12:10  High Templar x3  
  135  12:14  Immortal (Chrono Boost)  
  141  12:19  Immortal (Chrono Boost)  
  149  12:30  Zealot x2, High Templar x2  
  149  12:33  Assimilator  
  149  12:36  Archon  
  157  12:37  Assimilator  
  130  13:02  Archon  
  130  13:05  Zealot x6  
  134  13:18  Zealot  
Show
View Real Time Build Order
Export as new Build Order

Reynor Zerg - Winner!

Build Orders: Hatch First, Lurkers, Roach Hydra 

Get SALT Encoding   

  12  0:00  Drone  
  13  0:12  Overlord  
  13  0:17  Drone  
  14  0:30  Drone x2  
  16  0:43  Drone  
  17  0:51  Hatchery  
  17  0:55  Drone  
  17  0:58  Drone  
  18  1:09  Extractor  
  17  1:14  Spawning Pool  
  17  1:15  Drone  
  17  1:20  Drone  
  18  1:28  Drone  
  19  1:38  Drone  
  20  1:49  Overlord  
  20  2:01  Queen  
  20  2:03  Queen  
  20  2:04  Drone x2  
  26  2:11  Zergling x2  
  26  2:13  Metabolic Boost  
  26  2:14  Zergling x2  
  28  2:21  Drone  
  29  2:25  Drone  
  30  2:33  Overlord  
  30  2:35  Drone  
  31  2:40  Queen  
  33  2:45  Zergling x2  
  33  2:49  Hatchery  
  33  2:52  Zergling x2  
  33  2:58  Queen  
  36  3:03  Zergling x2  
  36  3:05  Overlord  
  36  3:11  Drone x3  
  38  3:14  Drone  
  38  3:16  Drone  
  40  3:23  Queen  
  40  3:25  Drone x2  
  44  3:30  Overlord  
  44  3:32  Drone  
  45  3:37  Queen  
  45  3:40  Drone  
  48  3:42  Drone  
  48  3:46  Drone  
  48  3:47  Spore Crawler, Drone  
  50  3:50  Drone x2  
  50  3:54  Drone  
  50  3:55  Drone  
  54  3:56  Drone  
  54  3:59  Overlord  
  54  4:01  Drone  
  56  4:07  Queen  
  59  4:10  Drone x2  
  59  4:14  Overlord  
  60  4:17  Drone x2  
  60  4:18  Drone  
  60  4:19  Drone  
  60  4:23  Zergling x2  
  65  4:24  Spore Crawler  
  65  4:28  Zergling x8  
  68  4:33  Overlord  
  68  4:34  Drone  
  68  4:36  Drone  
  70  4:41  Lair  
  70  4:44  Drone x2  
  70  4:45  Roach Warren  
  71  4:48  Spore Crawler, Drone  
  71  4:49  Zergling x2  
  71  4:50  Zergling x2  
  73  4:53  Zergling x4  
  73  4:56  Drone x3  
  73  4:58  Extractor  
  73  4:59  Drone  
  78  5:01  Drone x2  
  78  5:05  Evolution Chamber, Drone x2  
  80  5:09  Overlord  
  80  5:12  Drone x2  
  82  5:15  Drone x2  
  82  5:18  Drone x2  
  86  5:22  Drone x2  
  86  5:23  Drone x2  
  86  5:27  Extractor  
  89  5:31  Zerg Missile Weapons Level 1  
  89  5:32  Drone x2  
  89  5:33  Extractor, Hatchery  
  89  5:34  Drone  
  90  5:43  Glial Reconstitution  
  90  5:45  Extractor, Drone x2  
  90  5:48  Overseer  
  90  5:49  Overlord  
  91  5:51  Overlord  
  91  5:53  Zergling x14  
  91  5:56  Overlord  
  98  5:59  Overlord  
  98  6:03  Overlord  
  98  6:07  Overlord  
  98  6:11  Overlord  
  98  6:15  Overlord  
  98  6:17  Drone x7  
  106  6:18  Drone x3  
  106  6:23  Infestation Pit, Drone  
  106  6:24  Drone  
  106  6:25  Drone  
  110  6:39  Drone x3  
  113  6:43  Roach x6  
  131  6:47  Roach x6  
  131  6:48  Pneumatized Carapace  
  131  6:49  Extractor  
  131  6:50  Roach  
  138  6:55  Spore Crawler  
  138  6:56  Overlord  
  138  6:57  Roach  
  138  6:59  Hydralisk Den, Hive  
  138  7:02  Roach  
  138  7:03  Roach  
  142  7:08  Drone x3  
  142  7:11  Overlord, Extractor  
  142  7:12  Drone x3  
  142  7:13  Drone x2  
  148  7:16  Drone  
  148  7:17  Overlord  
  148  7:21  Extractor  
  148  7:24  Zergling x14  
  148  7:26  Zerg Missile Weapons Level 2  
  148  7:28  Lurker Den  
  154  7:31  Muscular Augments  
  154  7:32  Drone x3  
  157  7:40  Zergling x16  
  157  7:42  Drone  
  166  7:48  Overlord  
  165  7:55  Overlord  
  165  7:58  Drone x5  
  168  8:00  Overlord  
  168  8:02  Hatchery  
  165  8:06  Hydralisk x8  
  181  8:18  Hydralisk x2  
  185  8:20  Adrenal Glands  
  185  8:23  Overlord, Spine Crawler  
  185  8:26  Spine Crawler  
  182  8:33  Overlord  
  182  8:39  Grooved Spines  
  182  8:40  Seismic Spines  
  178  8:48  Lurker x7  
  181  8:49  Overseer  
  181  8:55  Extractor  
  183  9:03  Lurker x2  
  183  9:05  Lurker  
  183  9:07  Zergling x2  
  183  9:08  Zergling x24  
  199  9:16  Spore Crawler, Hatchery  
  197  9:19  Hydralisk, Extractor  
  197  9:20  Hydralisk, Evolution Chamber  
  199  9:37  Adaptive Talons  
  195  9:46  Hydralisk  
  195  9:47  Hydralisk x5  
  193  9:53  Zergling x2  
  193  9:54  Zergling x12  
  189  10:00  Zerg Missile Weapons Level 3, Zerg Melee Weapons Level 1  
  173  10:08  Hydralisk x2  
  173  10:09  Hydralisk x4  
  173  10:12  Lurker x6  
  181  10:14  Zergling x38  
  185  10:21  Hydralisk x5  
  185  10:24  Zergling x6  
  185  10:27  Lurker  
  199  10:44  Hydralisk  
  199  10:45  Hydralisk x3  
  194  10:55  Zergling x30  
  197  11:00  Hydralisk  
  197  11:01  Hydralisk x4, Zergling x2  
  197  11:02  Hydralisk  
  197  11:03  Hydralisk, Zergling x4  
  199  11:05  Zergling x4  
  199  11:09  Hydralisk x3  
  191  11:17  Zergling x6  
  178  11:24  Overseer, Lurker x9  
  187  11:28  Zergling x20  
  197  11:32  Lurker x2  
  199  11:42  Spire  
  198  11:57  Hydralisk x8  
  198  12:00  Zergling x22  
  180  12:02  Zergling x6  
  177  12:09  Hydralisk x3  
  181  12:16  Lurker x2  
  181  12:17  Lurker x3  
  181  12:19  Zergling x12  
  181  12:22  Zergling x6  
  195  12:25  Hydralisk x2  
  195  12:29  Zergling x2  
  196  12:39  Zergling x2  
  196  12:40  Zergling x16  
  191  12:49  Hydralisk x4  
  191  12:50  Overseer  
  199  12:51  Zergling x4  
  199  12:52  Zergling x4, Hydralisk  
  199  12:53  Zergling x8  
  199  12:56  Hydralisk  
  199  12:57  Zergling x4  
  182  12:59  Zergling x4  
  183  13:07  Hydralisk  
  183  13:08  Hydralisk x4  
Tags
 
Add a new tag
Caveats
  • Supply blocks, unpowered buildings, or Contaminate may cause inaccurate times.
  • Supply counts are checked every 10 seconds.